Map: Moonlight Madness LE (Void)

Players

BravO - Winner!

  • Race: Terran Terran
  • League: Master

호로록 (DRG)

  • Race: Zerg Zerg
  • League: Grandmaster

Event: Team Gravity's Fight Night #36

VOD

https://youtu.be/mDOyxl6cnkg?t=35m13s

Description

Time

  • Played on: Oct. 25, 2015, 8:44 p.m.
  • Length: 6:03

All games in this series

Show
View Real Time Build Order
Export as new Build Order

BravO Terran - Winner!

Build Orders: Liberator Opening, Reaper Expand 

Get SALT Encoding   

  12  0:00  SCV  
  13  0:13  SCV  
  14  0:17  Supply Depot  
  14  0:25  SCV  
  15  0:39  SCV  
  15  0:40  Barracks  
  16  0:45  Refinery  
  16  0:51  SCV  
  17  1:03  SCV  
  18  1:15  SCV  
  19  1:27  Orbital Command  
  19  1:28  Reaper  
  20  1:39  Command Center  
  20  1:44  Refinery  
  20  1:53  SCV  
  21  1:57  Supply Depot  
  21  2:01  Barracks Reactor  
  21  2:05  SCV  
  22  2:17  SCV  
  22  2:21  Factory  
  23  2:29  SCV  
  24  2:37  Marine x2  
  24  2:41  SCV  
  27  2:52  Orbital Command  
  27  2:53  SCV  
  28  3:04  Marine  
  29  3:06  SCV, Starport  
  29  3:12  Hellion x2  
  34  3:14  Supply Depot  
  34  3:18  SCV x2  
  36  3:22  Marine  
  36  3:25  Liberator  
  37  3:30  SCV x2  
  37  3:33  Hellion x2  
  43  3:41  Supply Depot  
  43  3:47  Armory  
  46  3:49  SCV  
  46  3:50  SCV  
  48  3:59  Hellion x2  
  48  4:01  SCV  
  48  4:02  SCV  
  54  4:05  Supply Depot  
  54  4:09  Liberator  
  54  4:14  SCV x2  
  56  4:20  Hellion x2  
  60  4:27  SCV x2  
  60  4:28  Supply Depot  
  65  4:39  SCV  
  65  4:40  SCV  
  65  4:41  Hellion  
  65  4:44  Hellion  
  70  4:52  SCV x2  
  67  4:54  Barracks Tech Lab  
  67  4:58  Liberator  
  63  5:04  SCV x2  
  63  5:06  Hellion x2  
  63  5:16  SCV x2  
  63  5:17  Marauder  
  67  5:28  SCV  
  68  5:32  Hellion x2  
  68  5:34  SCV  
  69  5:39  Marauder  
  69  5:40  SCV  
Show
View Real Time Build Order
Export as new Build Order

호로록 Zerg 

Build Orders: Hatch First, Roach Nydus 

Get SALT Encoding   

  12  0:01  Drone  
  13  0:12  Overlord  
  13  0:17  Drone  
  14  0:30  Drone  
  14  0:31  Drone  
  14  0:34  Drone  
  17  0:46  Drone  
  18  0:55  Hatchery  
  17  0:57  Drone  
  17  1:00  Extractor  
  17  1:12  Spawning Pool  
  17  1:16  Drone  
  17  1:18  Drone  
  18  1:28  Drone  
  19  1:38  Overlord  
  19  1:58  Queen  
  19  1:59  Metabolic Boost, Zergling x2  
  19  2:00  Zergling x2  
  23  2:06  Queen  
  23  2:08  Zergling x2  
  26  2:12  Drone  
  27  2:20  Drone  
  28  2:23  Drone  
  28  2:29  Drone  
  30  2:34  Queen  
  32  2:38  Overlord  
  32  2:42  Drone  
  33  2:45  Drone  
  34  2:51  Drone  
  34  2:55  Drone  
  34  2:56  Lair  
  36  3:03  Drone  
  36  3:05  Drone  
  38  3:06  Drone x2  
  38  3:07  Drone  
  38  3:12  Overlord  
  41  3:17  Drone x2  
  44  3:20  Drone  
  44  3:26  Extractor x2  
  42  3:31  Overlord  
  42  3:33  Drone  
  43  3:35  Drone  
  43  3:36  Roach Warren  
  43  3:37  Drone  
  44  3:46  Drone x3  
  47  3:54  Nydus Network  
  46  3:57  Drone  
  46  3:58  Queen  
  46  4:01  Queen  
  51  4:03  Overseer  
  51  4:07  Overlord  
  51  4:14  Overlord  
  51  4:16  Roach  
  53  4:18  Roach  
  53  4:20  Roach  
  53  4:22  Roach  
  59  4:27  Roach  
  59  4:29  Roach  
  62  4:33  Roach  
  62  4:35  Nydus Canal  
  62  4:37  Roach  
  65  4:50  Roach x2  
  64  4:55  Roach  
  64  5:04  Roach  
  64  5:05  Roach  
  57  5:14  Roach  
  57  5:15  Roach  
  57  5:25  Roach  
  57  5:27  Queen x2  
  57  5:33  Roach  
  57  5:34  Roach x2  
  61  5:36  Roach  

Tags
 
Add a new tag
Caveats
  • Supply blocks, unpowered buildings, or Contaminate may cause inaccurate times.
  • Supply counts are checked every 10 seconds.